 Dungeon Crawl Stone Soup version 0.30.1-1-g62c8e00024 (webtiles) character file.

Game seed: 16257735199178840778

3035 shmup the Arsonist (level 9, -3/54 HPs)
             Began as a Tengu Fire Elementalist on July 16, 2023.
             Was a Follower of Sif Muna.
             Slain by a killer bee (7 damage)
             ... on level 8 of the Dungeon.
             The game lasted 00:32:26 (10300 turns).

shmup the Arsonist (Tengu Fire Elementalist)       Turns: 10300, Time: 00:32:27

Health: -3/54      AC:  4    Str: 15    XL:     9   Next: 86%
Magic:  3/13       EV: 14    Int: 19    God:    Sif Muna [*.....]
Gold:   529        SH:  0    Dex: 15    Spells: 3/12 levels left

rFire   . . .        N - +5 trident
rCold   . . .        (no shield)
rNeg    . . .        a - +0 robe
rPois   .            c - +2 hat
rElec   .            f - scarf {repulsion}
rCorr   .            (no gloves)
SInv    .            (boots unavailable)
Will    .....        (no amulet)
Stlth   ++           L - +6 ring of strength
HPRegen 0.29/turn    (no ring)
MPRegen 0.13/turn

%: repel missiles
@: lethally poisoned (-3 -> -10), flying quickly and evasively, quick
A: beak, talons 3, nimble flight
a: Renounce Religion, Channel Magic


You were on level 8 of the Dungeon.
You worshipped Sif Muna.
Sif Muna was aware of your devotion.
You visited 2 branches of the dungeon, and saw 9 of its levels.

You collected 529 gold pieces.

Inventory:

Hand Weapons
 h - a +0 dagger
 A - a +4 quarterstaff of chaos
 C - a +2 hammer of draining
 N - a +5 trident (weapon)
Missiles
 o - 9 stones (quivered)
 D - a throwing net
 F - a boomerang of dispersal
 H - 6 boomerangs
Armour
 a - a +0 robe (worn)
 c - a +2 hat (worn)
 f - a scarf of repulsion (worn)
Jewellery
 K - a +4 ring of protection
 L - a +6 ring of strength (left hand)
Wands
 n - a wand of flame (41)
 M - a wand of charming (8)
Scrolls
 k - a scroll of noise {unknown}
 m - 5 scrolls of teleportation
 s - a scroll of vulnerability {unknown}
 t - a scroll of summoning {unknown}
 w - a scroll of brand weapon {unknown}
 x - a scroll of fog
 y - a scroll of enchant armour {unknown}
 z - a scroll of immolation {unknown}
 B - a scroll of identify
 G - a scroll of enchant weapon {unknown}
 I - a scroll of fear {unknown}
 J - a scroll of blinking {unknown}
Potions
 b - a potion of magic
 d - a potion of ambrosia {unknown}
 e - 6 potions of curing
 g - 2 potions of cancellation
 i - a potion of mutation {unknown}
 j - 4 potions of haste
 l - 2 potions of might
 p - 3 potions of degeneration {unknown}
 q - 2 potions of attraction
 r - 4 potions of lignification
 u - a potion of heal wounds {unknown}
 v - 2 potions of brilliance
 E - 2 potions of berserk rage


   Skills:
 - Level 5.0 Fighting
 - Level 2.1 Dodging
 - Level 2.0 Stealth
 - Level 2.0 Spellcasting
 + Level 8.8 Conjurations
 - Level 2.0 Hexes
 - Level 2.0 Translocations
 * Level 11.0 Fire Magic


You had 3 spell levels left.
You knew the following spells:

 Your Spells              Type           Power      Damage    Failure   Level
a - Foxfire               Conj/Fire      100%       2x1d9     1%          1
b - Scorch                Fire           86%        2d9       1%          2
c - Inner Flame           Hex/Fire       26%        N/A       3%          3
d - Volatile Blastmotes   Fire/Tloc      52%        2d14      3%          3

Your spell library contained the following spells:

 Spells                   Type           Power      Damage    Failure   Level
 Hailstorm                Conj/Ice       18%        3d6       9%          3
 Mephitic Cloud           Conj/Pois/Air  13%        N/A       16%         3
 Sting                    Tmut/Pois      4%         1d3       17%         1
 Poisonous Vapours        Pois/Air       2%         N/A       26%         2
 Flame Wave               Conj/Fire      39%        2d11      2%          4
 Freezing Cloud           Conj/Ice/Air   6%         6-21      80%         5
 Ice Form                 Ice/Tmut       1%         N/A       86%         4
 Olgreb's Toxic Radiance  Pois           1%         N/A       86%         4
 Simulacrum               Ice/Necr       0%         N/A       100%        6


Dungeon Overview and Level Annotations

Branches:
Dungeon (8/15)             Temple (1/1) D:7
   Lair: D:8-11

Altars:
Ashenzari
Cheibriados
Dithmenos
Elyvilon
Fedhas
Gozag
Hepliaklqana
Kikubaaqudgha
Makhleb
Nemelex Xobeh
Okawaru
Qazlal
Ru
Sif Muna
Trog
Uskayaw
Vehumet
Wu Jian
Xom
Yredelemnul
Zin
The Shining One

Annotations:
D:1 exclusion: downstairs
D:6 2 transporters, Gorgoleon's ghost, novice HuMo


Innate Abilities, Weirdness & Mutations

You have a beak for a mouth.
You have claws for feet.
Your magical nature lets you fly swiftly and evasively.


Message History

The killer bee stings you but does no damage.
The killer bee closely misses you. The water moccasin closely misses you.
The water moccasin barely misses you. The killer bee barely misses you.
The killer bee stings you!
* * * LOW HITPOINT WARNING * * *
You feel better. The water moccasin bites you.
* * * LOW HITPOINT WARNING * * *
The killer bee closely misses you. The killer bee barely misses you.
The water moccasin bites you!
* * * LOW HITPOINT WARNING * * *
The water moccasin closely misses you. The killer bee closely misses you. x2
Unknown command.
The water moccasin attacks as you move away!
The water moccasin completely misses you.
The killer bee stings you.
* * * LOW HITPOINT WARNING * * *
The water moccasin attacks as you move away!
The water moccasin closely misses you.
The killer bee attacks as you move away!
The killer bee misses you. The killer bee completely misses you.
The killer bee barely misses you.
Casting: Foxfire (safe; 1% risk of failure)
Confirm with . or Enter, or press ? or * to list all spells.
Flames lash the water moccasin.
The water moccasin is almost dead.
The water moccasin's fire resistance burns away.
You hear an angry hiss.
The killer bee stings you.
* * * LOW HITPOINT WARNING * * *
You are lethally poisoned!
The killer bee poisons you!
The killer bee stings you but does no damage.
The water moccasin misses you. The killer bee closely misses you. x2
The water moccasin misses you.
The killer bee attacks as you move away!
The killer bee barely misses you.
* * * LOW HITPOINT WARNING * * *
You feel very sick. The killer bee closely misses you.
The killer bee stings you!
You die...

............▒
▒▒▒▒▒▒▒.......▒▒..
....%.......▒
▒▒▒▒▒▒▒▒▒▒▒▒
............▒ ▒▒▒▒
....%.......▒ ▒▒▒▒▒▒▒
▒... ............▒
▒.....▒ ▒...
............▒ ▒.....▒
▒... .Y..........▒
▒.....▒ ▒...
............▒ ▒.....▒
▒... ...... ▒Q....▒ ▒...
..... ▒▒yy...▒ ▒..▒ ....
. ▒SS....▒ ▒... ... ..
▒......▒ ▒▒... ..
...▒▒...▒▒▒▒ ▒....
..y......▒ ▒▒.▒..
.....P...▒▒▒▒▒ ▒..▒..
.....%.....).▒ ▒.....
D.......[▒▒▒'▒▒▒▒▒▒.....


You could see 2 water moccasins and 2 killer bees.

Vanquished Creatures
  Duvessa (D:6)
  4 water moccasins
  An ice beast (D:6)
  An orc warrior (D:7)
  2 sky beasts
  3 black bears
  A centaur (D:7)
  3 ogres
  A phantom (D:7)
  7 bullfrogs
  A scorpion (D:7)
  3 wights (D:8)
  Dowan (D:6)
  An oklob sapling (D:7)
  A killer bee (D:8)
  A howler monkey (D:6)
  2 jellies (D:7)
  2 orc priests (D:8)
  3 hounds
  Crazy Yiuf (D:4)
  2 gnoll boudas
  An iguana (D:4)
  An orc wizard (D:8)
  14 gnolls
  5 adders
  2 shadow imps
  A white imp (D:5)
  2 ufetubi (D:6)
  2 worms (D:3)
  4 dart slugs
  11 orcs
  6 bats
  10 endoplasms
  2 giant cockroaches
  6 goblins
  4 hobgoblins
  6 jackals
  3 quokkas
  5 ball pythons
  8 frilled lizards
  5 kobolds
  2 rats
142 creatures vanquished.

Vanquished Creatures (collateral kills)
  A foxfire (D:1)
1 creature vanquished.

Vanquished Creatures (others)
  384 foxfires
384 creatures vanquished.

Grand Total: 527 creatures vanquished

Notes
Turn   | Place    | Note
-------+----------+-------------------------------------------
     0 | D:1      | shmup the Tengu Fire Elementalist began the quest for the
                  | Orb.
     0 | D:1      | Reached XP level 1. HP: 10/10 MP: 4/4
   334 | D:1      | Reached XP level 2. HP: 15/15 MP: 3/6
   589 | D:1      | Reached skill level 4 in Fire Magic
   866 | D:1      | Found a faded altar of an unknown god.
  1218 | D:1      | Reached XP level 3. HP: 8/19 MP: 3/7
  1520 | D:2      | Reached XP level 4. HP: 24/24 MP: 5/8
  1969 | D:2      | Found a glowing golden altar of the Shining One.
  2066 | D:2      | Learned a level 2 spell: Scorch
  2172 | D:2      | Reached skill level 5 in Fire Magic
  2491 | D:3      | Gained mutation: Your magical nature lets you fly swiftly
                  | and evasively. [Tengu growth]
  2491 | D:3      | Reached XP level 5. HP: 28/28 MP: 4/9
  3483 | D:4      | Found an iron altar of Okawaru.
  3646 | D:4      | Found a runed translucent door.
  3647 | D:4      | Noticed Crazy Yiuf
  3726 | D:4      | Noticed an ogre
  3787 | D:4      | Killed an ogre
  3788 | D:4      | Reached skill level 6 in Fire Magic
  3788 | D:4      | Reached XP level 6. HP: 32/32 MP: 4/10
  4192 | D:4      | Killed Crazy Yiuf
  4276 | D:5      | Entered Level 5 of the Dungeon
  4362 | D:5      | Reached skill level 5 in Conjurations
  4473 | D:5      | Reached skill level 7 in Fire Magic
  4637 | D:5      | Found a broken altar of Ashenzari.
  4762 | D:5      | Reached XP level 7. HP: 36/36 MP: 6/11
  4981 | D:5      | Found an opulent altar of Gozag.
  5439 | D:6      | Reached skill level 8 in Fire Magic
  5539 | D:6      | Found a hazy altar of Hepliaklqana.
  5541 | D:6      | Found a sparkling altar of Nemelex Xobeh.
  5555 | D:6      | Found a shimmering blue altar of Sif Muna.
  5561 | D:6      | Found a burning altar of Makhleb.
  5562 | D:6      | Found a basalt altar of Yredelemnul.
  5564 | D:6      | Found an ornate altar of the Wu Jian Council.
  5569 | D:6      | Found a shadowy altar of Dithmenos.
  5571 | D:6      | Found a glowing silver altar of Zin.
  5574 | D:6      | Found a snail-covered altar of Cheibriados.
  5603 | D:6      | Became a worshipper of Sif Muna the Loreminder
  5621 | D:6      | Noticed Duvessa
  5853 | D:6      | Killed Duvessa
  5853 | D:6      | Noticed Dowan
  5854 | D:6      | Reached XP level 8. HP: 41/41 MP: 4/12
  6176 | D:6      | Killed Dowan
  6305 | D:6      | Noticed Gorgoleon's ghost (novice HuMo)
  6338 | D:6      | Found a transporter.
  6400 | D:6      | Found a transporter.
  6506 | D:7      | Reached skill level 9 in Fire Magic
  6697 | D:7      | Learned a level 3 spell: Inner Flame
  6825 | D:7      | Reached skill level 1 in Fighting
  6939 | D:7      | Reached skill level 1 in Hexes
  6987 | D:7      | Learned a level 3 spell: Volatile Blastmotes
  7445 | D:7      | Found a staircase to the Ecumenical Temple.
  8090 | D:7      | Reached XP level 9. HP: 49/49 MP: 2/13
  8171 | Temple   | Entered the Ecumenical Temple
  8957 | D:7      | Reached skill level 10 in Fire Magic
  9554 | D:8      | Reached * piety under Sif Muna
  9817 | D:8      | Reached skill level 1 in Translocations
 10187 | D:8      | Reached skill level 5 in Fighting
 10289 | D:8      | Reached skill level 11 in Fire Magic
 10300 | D:8      | Slain by a killer bee

Illustrated notes

Levels and vault maps discovered:
D:1:      dpeg_arrival_arbitrary_c, layout_loops_ring,
          nicolae_ecumenical_lake_church, minmay_tree_intersection,
          chequers_serial_rivers_marsh, minmay_gold_behind_fungi
D:2:      layout_basic, basic_altar
D:3:      layout_loops_ring
D:4:      layout_basic, mainiacjoe_overflow_tiny_flanked,
          uniq_crazy_yiuf_cottage
D:5:      layout_cave_pools, general_overflow_altar, ashenzari_altar_1,
          nicolae_figureground_sparkle
D:6:      layout_cave_pools, nicolae_overflow_hallway_of_the_gods,
          gammafunk_ghost_gnarly_gnolls, uniq_duvessa
D:7:      layout_basic, minmay_temple_entry_oklob, grunt_decor_resistance
D:8:      layout_basic, due_lair_maze_entry_diamond
Temple:   jpeg_temple_alley_garden

Skill      XL: |  1  2  3  4  5  6  7  8  9 |
---------------+----------------------------+-----
Conjurations   | 2 3 4 5 6 7 8 |  8.8
Fire Magic     | 4 5 6 7 8 9 11 | 11.0
Fighting       | 2 5 |  5.0
Hexes          | 2 |  2.0
Translocations | 2 |  2.0
Dodging        | |  2.1
Stealth        | |  2.0
Spellcasting   | |  2.0

Action                     |  1- 3 |  4- 6 |  7- 9 || total
---------------------------+-------+-------+-------++-------
  Melee: Peck              |     1 |     1 |     2 ||     4
         Unarmed           |     1 |       |       ||     1
         Dagger            |     1 |    11 |       ||    12
         Kick              |       |     2 |     7 ||     9
         Mace              |       |     2 |    22 ||    24
         Trident           |       |       |     2 ||     2
   Cast: Foxfire           |    42 |   100 |    92 ||   234
         Scorch            |       |    15 |    68 ||    83
         Inner Flame       |       |       |     5 ||     5
         Volatile Blastmot |       |       |     1 ||     1
    Use: Scroll            |       |       |    10 ||    10
         Potion            |       |       |     3 ||     3
   Stab: Sleeping          |     1 |       |       ||     1
 Armour: Robe              |     8 |     7 |    21 ||    36
  Dodge: Dodged            |    13 |    27 |   102 ||   142
         Repelled          |       |     1 |       ||     1
